 Dungeon Crawl Stone Soup version 0.17-a0-1572-g7a1422d (webtiles) character file.

80 nrokreffefp the Sneak (level 4, -5/29 HPs)
             Began as a Halfling Assassin on July 26, 2015.
             Slain by Ace's ghost (7 damage)
             ... on level 3 of the Dungeon.
             The game lasted 00:07:26 (1728 turns).

nrokreffefp the Sneak (Halfling Assassin)           Turns: 1728, Time: 00:07:26

Health: -5/29      AC:  4    Str: 11    XL:     4   Next: 65%
Magic:  4/4        EV:  9    Int: 10    God:
Gold:   154        SH:  0    Dex: 16    Spells: 0 memorised, 3 levels left

rFire  . . .     SeeInvis .     b - +0 blowgun
rCold  . . .     Clarity  .     c - +0 robe
rNeg   . . .     SustAt   .     (shield restricted)
rPois  .         Gourm    .     (no helmet)
rElec  .         Spirit   .     d - +1 cloak
rCorr  .         Warding  .     (no gloves)
rMut   .         Stasis   .     (no boots)
MR     .....                    (no amulet)
Stlth  +++.......               (no ring)
                                (no ring)

@: not resistant to hostile enchantments, fairly stealthy
A: mutation resistance 1
a: no special abilities


You were on level 3 of the Dungeon.
You were not hungry.

You visited 1 branch of the dungeon, and saw 3 of its levels.

You collected 154 gold pieces.

Inventory:

Hand weapons
 a - a +2 dagger
 b - a +0 blowgun (weapon)
Missiles
 e - 8 poisoned needles (quivered)
Armour
 c - a +0 robe (worn)
 d - a +1 cloak (worn)
Magical devices
 k - a wand of magic darts (18)
Scrolls
 i - a scroll of identify
 j - 5 scrolls of remove curse
Potions
 h - a potion of cure mutation {unknown}
 l - a potion of mutation {unknown}
 m - a potion of beneficial mutation {unknown}
 o - 2 potions of might
 p - a potion of lignification {unknown}
 v - a potion of flight {unknown}
Comestibles
 g - a bread ration
 u - a meat ration


   Skills:
 - Level 1.8 Fighting
 - Level 5.0 Short Blades
 - Level 2.6 Throwing
 - Level 1.1 Dodging
 + Level 5.2 Stealth


You had 3 spell levels left.
You didn't know any spells.

Dungeon Overview and Level Annotations

Branches:
Dungeon (3/15)

Altars:

Annotations:
D:3 Ace's ghost, average HEFi


Innate Abilities, Weirdness & Mutations

You are small and have problems with some larger weapons.
You are somewhat resistant to further mutation.


Message History

Ace's ghost hits you!
Ouch! That really hurt!
Ace's ghost hits you!
* * * LOW HITPOINT WARNING * * *
There is a stone staircase leading up, spattered with blood here.
Firing (i - inventory. (,) - cycle):
f - 2 curare-tipped needles (quivered)
Press: ? - help, Shift-Dir - straight line, f - Ace's ghost
Aim: Ace's ghost You shoot a curare-tipped needle.
The curare-tipped needle hits Ace's ghost.
Ace's ghost hits you.
* * * LOW HITPOINT WARNING * * *
Firing (i - inventory. (,) - cycle):
f - a curare-tipped needle (quivered)
Press: ? - help, Shift-Dir - straight line, f/p - Ace's ghost
Aim: Ace's ghost You shoot a curare-tipped needle.
The curare-tipped needle completely misses Ace's ghost.
You can't go down here!
Ace's ghost hits you!
You die...

#.....###.#...#..#...
#.?.. #......#.....
#... ##............
... #.......#..... ##
#..####.# ... #..#
#.# . #.####..####.#
#.........##.#
###........#@#
#..........W#
.............#
##...........#
##..........#
##....รท.#..#
########....# ##(#.#
.###


You could see Ace's ghost.

Vanquished Creatures
  3 adders
  An ooze (D:1)
  A worm (D:2)
  A giant gecko (D:2)
  3 ball pythons
  6 goblins
  9 hobgoblins
  4 jackals (D:1)
  4 kobolds
  3 bats
  A giant newt (D:2)
  A rat (D:1)
37 creatures vanquished.

Notes
Turn   | Place    | Note
--------------------------------------------------------------
     0 | D:1      | nrokreffefp the Halfling Assassin began the quest for the Orb.
     0 | D:1      | Reached XP level 1. HP: 14/14 MP: 1/1
   138 | D:1      | Reached XP level 2. HP: 16/19 MP: 2/2
   484 | D:1      | Reached XP level 3. HP: 22/24 MP: 3/3
   904 | D:2      | Reached skill level 5 in Short Blades
  1105 | D:2      | Reached XP level 4. HP: 27/29 MP: 4/4
  1194 | D:2      | Reached skill level 5 in Stealth
  1507 | D:3      | Noticed Ace's ghost (average HEFi)
  1728 | D:3      | Slain by Ace's ghost

Vault maps used:
D:1:      dpeg_arrival_castle
D:2:      first_bread, st_stairs_1
D:3:      lemuel_crystal_altar, gup_sewer_entry_glass, serial_corexii_hall,
          corexii_hall_statues_deadend, corexii_hall_statues_t,
          minmay_misc_feat_roman, st_stairs_7, nicolae_qazlal_style_of_elements

Action                   |  1- 3 |  4- 6 || total
-------------------------+-------+-------++-------
Melee: Dagger            |    71 |    53 ||   124
 Fire: Blowgun           |       |     2 ||     2
  Use: Scroll            |       |     7 ||     7
 Stab: Sleeping          |     9 |     2 ||    11
  Eat: Chunk             |     1 |     1 ||     2
       Bread ration      |       |     1 ||     1
